 Dungeon Crawl Stone Soup version 0.24-a0-10-gb84795d (console) character file.

Game seed: 4377773629646076099

36 Voker57 the Conjurer (level 3, 0/28 HPs)
             Began as a Naga Conjurer on Jan 31, 2019.
             Slain by a bat (1 damage)
             ... on level 1 of the Dungeon.
             The game lasted 00:01:43 (1149 turns).

Voker57 the Conjurer (Naga Conjurer)                Turns: 1149, Time: 00:01:43

Health: 0/28       AC:  2    Str: 10    XL:     3   Next: 37%
Magic:  4/7        EV: 10    Int: 21    God:
Gold:   32         SH:  0    Dex: 11    Spells: 7/8 levels left

rFire    . . .     SeeInvis +   b - +0 mace
rCold    . . .     Gourm    .   (no shield)
rNeg     . . .     Faith    .   a - +0 robe
rPois    +         Spirit   .   (no helmet)
rElec    .         Reflect  .   (no cloak)
rCorr    .         Harm     .   (no gloves)
MR       .....                  (no barding)
Stlth    ++........             (no amulet)
HPRegen  0.09/turn              (no ring)
MPRegen  0.10/turn              (no ring)

@: brilliant, very slightly contaminated, invisible, very slow
A: large, see invisible, deformed body, poison resistance, slowness 2, slow
metabolism 1, spit poison 1, AC +1
a: Spit Poison


You were on level 1 of the Dungeon.
You were not hungry.

You visited 1 branch of the dungeon, and saw 1 of its levels.

You collected 32 gold pieces.

Inventory:

Hand Weapons
 b - a +0 mace (weapon)
Armour
 a - a +0 robe (worn)
Scrolls
 e - a scroll of remove curse
 h - a scroll of amnesia
Comestibles
 c - 2 rations


   Skills:
 - Level 1.5 Dodging
 - Level 3.0 Stealth
 * Level 3.0 Spellcasting
 + Level 4.3 Conjurations


You had 7 spell levels left.
You knew the following spells:

 Your Spells              Type           Power        Failure   Level  Hunger
a - Magic Dart            Conj           ####         1%          1    None

Your spell library contained the following spells:

 Spells                   Type           Power        Failure   Level  Hunger
 Searing Ray              Conj           ####..       1%          2    ##.....
 Dazzling Spray           Conj/Hex       ####..       1%          3    ###....
 Iskenderun's Mystic Bla  Conj           ####....     2%          4    ####...
 Force Lance              Conj/Tloc      ####....     6%          4    ####...
 Fulminant Prism          Conj/Hex       ####......   6%          4    ####...


Dungeon Overview and Level Annotations

Branches:
Dungeon (1/15)

Altars:


Innate Abilities, Weirdness & Mutations

You cannot wear boots.
Your serpentine skin is tough. (AC +1)
You have supernaturally acute eyesight. (SInv)
Armour fits poorly on your strangely shaped body.
Your system is resistant to poisons. (rPois)
You cover ground very slowly.
You have a slow metabolism.
You can spit poison.


Message History

The jackal closely misses you. The jackal bites you.
* * * LOW HITPOINT WARNING * * *
You are very lightly contaminated with residual magic.
It was a potion of brilliance.
You feel clever all of a sudden. The bat closely misses you.
The jackal barely misses you.
As you read the scroll labeled INADOPSOFEP, it crumbles to dust.
You feel blessed for a moment.
It was a scroll of remove curse.
The bat hits you but does no damage. The jackal bites you.
* * * LOW HITPOINT WARNING * * *
You aren't carrying any potions.
The bat hits you but does no damage.
As you read the scroll labeled DALAYW KASIRPH, it crumbles to dust.
It is a scroll of identify.
h - a scroll of amnesia The bat hits you but does no damage.
The jackal bites you but does no damage.
As you read the scroll labeled TUQUDO ATARCH, it crumbles to dust.
The scroll dissolves into smoke.
It was a scroll of fog.
The bat hits you.
You die...

#.######.#.#
########+##.# #.#'####
............######......#
................#.......'
................#.......#
................#...#####
###.....h.......##+#.....
.....###§##.....##†#.....
.....###h##......#.#.....
.... +.b@h...............
... #.§§##......#.######
... +§..............†...
#..[##.#....#.#.....
..##.##.#....#.#..... ..
#.##.#....#.#..... ...
#.##.#.##.#.#..... ...
#.##.#......+..... ..###
##.#..... ######


You could see 2 jackals and a bat.

Vanquished Creatures
  An ooze (D:1)
  3 dart slugs (D:1)
  A giant cockroach (D:1)
  A goblin (D:1)
  2 hobgoblins (D:1)
  5 jackals (D:1)
  3 kobolds (D:1)
  2 bats (D:1)
  3 frilled lizards (D:1)
  3 rats (D:1)
24 creatures vanquished.

Notes
Turn   | Place    | Note
-------+----------+-------------------------------------------
     0 | D:1      | Voker57 the Naga Conjurer began the quest for the Orb.
     0 | D:1      | Reached XP level 1. HP: 15/15 MP: 3/3
   182 | D:1      | Reached XP level 2. HP: 22/22 MP: 0/5
   959 | D:1      | Reached XP level 3. HP: 28/28 MP: 0/7
  1146 | D:1      | HP: 1/28 [jackal (2)]
  1149 | D:1      | Slain by a bat

Vault maps used:
D:1:      minmay_arrival_checkered_box

Skill      XL: |  1  2  3 |
---------------+----------+-----
Spellcasting   | 3 |  3.0
Dodging        | |  1.5
Stealth        | |  3.0
Conjurations   | |  4.3

Action                   || total
-------------------------++-------
Melee: Unarmed           ||     2
       Mace              ||    44
 Cast: Magic Dart        ||    28
 Abil: Spit Poison       ||     1
  Use: Scroll            ||     3
       Potion            ||     2
 Stab: Sleeping          ||     2
Armor: Robe              ||    30
Dodge: Dodged            ||    43

Table legend:
 A = Non-vault XP
 B = Vault XP
 C = Vault XP percentage of total XP
 D = Non-vault monster count
 E = Vault monster count
 F = Vault count percentage of total count
                 A         B        C        D         E       F
            +---------+---------+-------+---------+---------+-------
      Total |      52 |       0 |   0.0 |      24 |       0 |   0.0
            +---------+---------+-------+---------+---------+-------
        D:1 |      52 |       0 |   0.0 |      24 |       0 |   0.0
            +---------+---------+-------+---------+---------+-------
